 Dungeon Crawl Stone Soup version 0.21-a0-110-g8e1637b (webtiles) character file.

11 Gorice the Caller (level 2, 0/21 HPs)
             Began as a Demonspawn Summoner on July 8, 2017.
             Succumbed to a kobold's poison
             ... on level 1 of the Dungeon.
             The game lasted 00:00:58 (146 turns).

Gorice the Caller (Demonspawn Summoner)              Turns: 146, Time: 00:00:59

Health: 0/21       AC:  2    Str:  8    XL:     2   Next: 13%
Magic:  1/5        EV: 12    Int: 16    God:
Gold:   0          SH:  0    Dex: 13    Spells: 4/5 levels left

rFire    . . .     SeeInvis .   (no weapon)
rCold    . . .     Gourm    .   (no shield)
rNeg     . . .     Faith    .   a - +0 robe
rPois    .         Spirit   .   (no helmet)
rElec    .         Reflect  .   (no cloak)
rCorr    .         Harm     .   (no gloves)
MR       .....                  (no boots)
Stlth    ++........             (no amulet)
HPRegen  0.07/turn              (no ring)
MPRegen  0.09/turn              (no ring)

@: lethally poisoned (0 -> -17)
A: rot immunity
a: no special abilities


You were on level 1 of the Dungeon.
You were not hungry.

You visited 1 branch of the dungeon, and saw 1 of its levels.

Inventory:

Armour
 a - a +0 robe (worn)
Scrolls
 e - a scroll of fear {unknown}
Books
 b - a book of Callings
Comestibles
 c - a bread ration {!e}
 d - a chunk of flesh


   Skills:
 * Level 1.4 Fighting
 - Level 1.7 Dodging
 - Level 1.7 Stealth
 - Level 2.0 Spellcasting
 + Level 4.1 Summonings


You had 4 spell levels left.
You knew the following spells:

 Your Spells              Type           Power        Failure   Level  Hunger
a - Summon Small Mammal   Summ           ##..         3%          1    #......


Dungeon Overview and Level Annotations

Branches:
Dungeon (1/15)

Altars:


Innate Abilities, Weirdness & Mutations

You are immune to rotting.


Message History

Your bat hits the dart slug but does no damage.
Your bat completely misses the kobold.
The kobold throws a stone.
The stone closely misses your bat. The stone hits you but does no damage.
Your bat barely misses the dart slug.
You hit the dart slug.
The dart slug is almost dead.
Your bat disappears in a puff of smoke!
Your bat hits the dart slug.
The kobold hits your bat with a short sword of venom.
Your bat dies!
Your bat's corpse disappears in a puff of smoke!
The dart slug completely misses your rat.
Your rat misses the kobold. You hit the dart slug but do no damage.
The dart slug is almost dead.
The dart slug launches a dart at you. The slug dart hits you!
* * * LOW HITPOINT WARNING * * *
Your rat bites the kobold.
Damage: 6 (max 6)
You hit the dart slug.
You kill the dart slug!
You have reached level 2!
Your demonic ancestry asserts itself...
You feel immune to rotting.
The kobold hits you with a short sword of venom.
* * * LOW HITPOINT WARNING * * *
You are poisoned.
Your rat completely misses the kobold.
You closely miss the kobold.
The kobold is moderately wounded.
* * * LOW HITPOINT WARNING * * *
You feel sick.
The kobold hits you with a short sword of venom.
* * * LOW HITPOINT WARNING * * *
Your rat barely misses the kobold.
Damage: 2 (max 6) Unknown command.
* * * LOW HITPOINT WARNING * * *
You feel sick.
Damage: 1 (max 6)
You aren't carrying any potions.
The kobold hits you with a short sword of venom.
* * * LOW HITPOINT WARNING * * *
You are more poisoned.
Damage: 3 (max 6) Unknown command.
You hit the kobold.
You kill the kobold!
You die...

#.#.....# #. #.#.....#
.. #.......# #.
#.......###
##.############.........
.................>.....
#..................#
#)†##..##>#<#..##..#
#(..r)@## ###......#
#)(##.## ##.##..#
#...### ###...# #..##.##
##.##..#
#......######......#
#..##..#>#>##..##...#
#.................#.#
#.....###.#########.#
#####..##.# .#


You could see a friendly rat.

Vanquished Creatures
  A dart slug (D:1)
  A kobold (D:1)
  A rat (D:1)
3 creatures vanquished.

Vanquished Creatures (collateral kills)
  2 oozes (D:1)
  A goblin (D:1)
  A rat (D:1)
4 creatures vanquished.

Grand Total: 7 creatures vanquished

Notes
Turn   | Place    | Note
-------+----------+-------------------------------------------
     0 | D:1      | Gorice the Demonspawn Summoner began the quest for the Orb.
     0 | D:1      | Reached XP level 1. HP: 13/13 MP: 3/3
   120 | D:1      | Reached skill level 1 in Fighting
   141 | D:1      | Gained mutation: You are immune to rotting. [demonic ancestry]
   141 | D:1      | Reached XP level 2. HP: 7/21 MP: 0/5
   142 | D:1      | HP: 6/21 [poisoned by a kobold]
   145 | D:1      | HP: 1/21 [kobold/short sword of venom (3)]
   146 | D:1      | Succumbed to a kobold's poison

Vault maps used:
D:1:      onia_arrival_handbag

Skill      XL: |  1 |
---------------+----+-----
Fighting       | 1 |  1.4
Dodging        | |  1.7
Stealth        | |  1.7
Spellcasting   | |  2.0
Summonings     | |  4.1

Action                   || total
-------------------------++-------
Melee: Unarmed           ||    20
 Cast: Summon Small Mamm ||     8
 Stab: Distracted        ||     1
       Sleeping          ||     1
Armor: Robe              ||     5
Dodge: Dodged            ||     9

Table legend:
 A = Turns spent in this place as a percentage of turns spent in the entire game.
 B = Non-inter-level travel turns spent in this place as a percentage of non-inter-level travel turns spent in the entire game.
 C = Inter-level travel turns spent in this place as a percentage of turns spent in this place.
 D = Turns resting spent in this place as a percentage of non-inter-level travel turns spent in this place.
 E = Turns spent auto-exploring this place as a percentage of non-inter-level travel turns spent in this place.
 F = Non-inter-level travel turns spent in this place divided by the number of levels of this place that you've seen.
                   A       B       C       D       E      F
               +-------+-------+-------+-------+-------+----------------------
         Total | 100.0 | 100.0 |   0.0 |   3.3 |   4.4 |  90.0
       Dungeon | 100.0 | 100.0 |   0.0 |   3.3 |   4.4 |  90.0
               +-------+-------+-------+-------+-------+----------------------

Vault maps used:
D:1:      onia_arrival_handbag
